 Dungeon Crawl Stone Soup version 0.24-a0-479-g9a978d2 (webtiles) character file.

Game seed: 5181700097885591310

283 ssg the Changer (level 6, -2/38 HPs)
             Began as an Octopode Transmuter on July 9, 2019.
             Killed by divine providence
             ... invoked by an orc priest
              (12 damage)
             ... on level 4 of the Dungeon.
             The game lasted 00:05:49 (3085 turns).

ssg the Changer (Octopode Transmuter)               Turns: 3085, Time: 00:05:49

Health: -2/38      AC:  6    Str:  9    XL:     6   Next: 28%
Magic:  9/9        EV: 13    Int: 18    God:
Gold:   185        SH:  0    Dex: 12    Spells: 1/9 levels left

rFire    . . .     SeeInvis .     - Unarmed
rCold    + . .     Gourm    .   (no shield)
rNeg     . . .     Faith    .   (helmet restricted)
rPois    .         Spirit   .   n - amulet of regeneration
rElec    .         Reflect  .   e - ring of protection from cold
rCorr    .         Harm     .   g - +5 ring of protection
MR       .....                  (no ring)
Stlth    ++........             (no ring)
HPRegen  0.52/turn              (no ring)
MPRegen  0.11/turn              (no ring)
                                (no ring)
                                (no ring)

@: no status effects
A: almost no armour, stealthy swim, amphibious, 8 rings, constrict 8, camouflage
1, gelatinous body 1
a: no special abilities


You were on level 4 of the Dungeon.
You were not hungry.

You visited 1 branch of the dungeon, and saw 4 of its levels.

You collected 185 gold pieces.

Inventory:

Missiles
 a - 26 arrows
Jewellery
 b - an uncursed ring of ice
 e - a ring of protection from cold (left tentacle)
 g - a +5 ring of protection (right tentacle)
 k - an uncursed ring of teleportation
 n - an amulet of regeneration (around mantle)
Wands
 o - a wand of random effects (16)
Scrolls
 j - a scroll of enchant armour
 m - 2 scrolls of remove curse
 p - a scroll of teleportation
Potions
 d - a potion of degeneration
 f - a potion of ambrosia
 h - 4 potions of curing
 i - a potion of heal wounds
 l - a potion of brilliance
Comestibles
 c - 6 rations


   Skills:
 - Level 1.0 Fighting
 - Level 2.0 Dodging
 - Level 3.0 Unarmed Combat
 - Level 2.0 Spellcasting
 + Level 6.4 Transmutations


You had one spell level left.
You knew the following spells:

 Your Spells              Type           Power        Failure   Level  Hunger
a - Spider Form           Tmut/Pois      ##........   14%         3    ###....
b - Blade Hands           Tmut           ####......   34%         5    ######.

Your spell library contained the following spells:

 Spells                   Type           Power        Failure   Level  Hunger
 Beastly Appendage        Tmut           ####..       1%          1    #......
 Animate Skeleton         Necr           N/A          19%         1    #......
 Apportation              Tloc           #.....       19%         1    #......
 Confusing Touch          Hex            #.....       19%         1    #......
 Summon Small Mammal      Summ           #...         19%         1    #......
 Sticks to Snakes         Tmut           ####....     1%          2    ###....
 Ice Form                 Ice/Tmut       ##......     43%         4    #####..


Dungeon Overview and Level Annotations

Branches:
Dungeon (4/15)
 Temple: D:4-7

Altars:
Sif Muna
Uskayaw
Yredelemnul

Annotations:
D:4 1 transporter


Innate Abilities, Weirdness & Mutations

You cannot wear most types of armour.
You are very stealthy in the water. (Stealth+)
You are amphibious.
You can wear up to eight rings at the same time.
You can use your tentacles to constrict eight enemies at once.
Your skin changes colour to match your surroundings (Stealth+).
Your rubbery body absorbs attacks. (AC +1, EV +1)


Message History

The shadow imp puffs mist at you.
Evoke which item? (* to show all) (? for menu, Esc to quit)
Aiming: Random Effects
Press: ? - help, Shift-Dir - straight line, f/p - orc priest
Aim: an orc priest, wielding a +0 flail and wearing a +0 leather armour (fast)
The orc priest resists with significant effort.
The orc priest mumbles some strange prayers to Beogh against you.
Beogh smites you!
Evoke which item? (* to show all) (? for menu, Esc to quit)
Aiming: Random Effects
Press: ? - help, Shift-Dir - straight line, f/p - orc priest
Aim: an orc priest, wielding a +0 flail and wearing a +0 leather armour (fast)
The bolt of negative energy misses the orc priest.
The orc priest looks encouraged for a moment.
The orc priest invokes the aid of Beogh against you.
Pain shoots through your body!
* * * LOW HITPOINT WARNING * * *
The orc priest calls down the wrath of Beogh upon you.
Beogh smites you!
You die...

#.#.≈...≈.#.......#.....
#.#.≈...≈.#....##..†....
#.#.≈≈PP≈.#..#.###......
#.#.≈≈⌠≈≈.#..#..###..>..
#.#5≈≈≈≈≈.#.............
#.#o≈...≈5#.#####.#####.
#.#o≈...≈o#.# #..####.
#.####'####.# ##...##.
#.#P...@.P#.# ###.##.
#.#8P.©.P8#.# #..#.
#.#########.## ##.>.
#####.....©......# ###.
#....###.........#########..
#.#....#....####............
#.#....#....# ######.......
#.#......##### #####...
#.#..........##### #...


You could see 3 orc priests and 2 shadow imps.

Vanquished Creatures
  A hound (D:4)
  An orc priest (D:4)
  2 orc wizards (D:3)
  A centaur skeleton (D:4)
  2 adders
  3 worms
  A dart slug (D:1)
  5 leopard geckos
  12 orcs
  2 ball pythons (D:2)
  3 giant cockroaches
  6 goblins
  6 hobgoblins
  8 jackals
  11 kobolds
  3 quokkas
  9 bats
  8 frilled lizards
  14 rats
98 creatures vanquished.

Notes
Turn   | Place    | Note
-------+----------+-------------------------------------------
     0 | D:1      | ssg the Octopode Transmuter began the quest for the Orb.
     0 | D:1      | Reached XP level 1. HP: 13/13 MP: 3/3
   155 | D:1      | Reached XP level 2. HP: 16/18 MP: 5/5
   236 | D:1      | Reached skill level 3 in Transmutations
   663 | D:1      | Reached XP level 3. HP: 11/23 MP: 4/6
  1070 | D:1      | Learned a level 3 spell: Spider Form
  1426 | D:2      | Reached skill level 4 in Transmutations
  1477 | D:2      | Reached XP level 4. HP: 28/28 MP: 7/7
  2362 | D:3      | Reached skill level 5 in Transmutations
  2364 | D:3      | Reached XP level 5. HP: 33/33 MP: 8/8
  2426 | D:3      | Learned a level 5 spell: Blade Hands
  2504 | D:3      | Found a deep blue altar of Sif Muna.
  2525 | D:3      | Found a basalt altar of Yredelemnul.
  2797 | D:4      | Reached skill level 6 in Transmutations
  2829 | D:4      | Found a hide-covered altar of Uskayaw.
  2858 | D:4      | Reached XP level 6. HP: 27/38 MP: 9/9
  2898 | D:4      | Found a transporter.
  2920 | D:4      | Found a transporter.
  3085 | D:4      | Killed from afar by an orc priest

Levels and vault maps discovered:
D:1:      zaba_arrival_water, layout_basic
D:2:      layout_basic
D:3:      layout_loops_ring, yredelemnul_altar_generic, tgw_sif
D:4:      gammafunk_wand_slinger, layout_rooms, nicolae_overflow_hidden_temple,
          minmay_temple_entry_poolview, serial_rivers,
          chequers_serial_rivers_small_b, chequers_serial_rivers_micro_a,
          chequers_serial_rivers_micro_a, chequers_serial_rivers_room_b

Skill      XL: |  1  2  3  4  5 |
---------------+----------------+-----
Transmutations | 3 4 5 6 |  6.4
Fighting       | |  1.0
Dodging        | |  2.0
Unarmed Combat | |  3.0
Spellcasting   | |  2.0

Action                   |  1- 3 |  4- 6 || total
-------------------------+-------+-------++-------
Melee: Unarmed           |   118 |   134 ||   252
       Tentacles         |    15 |    24 ||    39
       Constrict         |    24 |    37 ||    61
       Punch             |     2 |     7 ||     9
       Kick              |     2 |       ||     2
 Cast: Beastly Appendage |     2 |       ||     2
       Spider Form       |     2 |     1 ||     3
Evoke: Wand              |       |     3 ||     3
  Use: Scroll            |     8 |     4 ||    12
 Stab: Sleeping          |     6 |     8 ||    14
  Eat: Chunk             |     2 |     5 ||     7
Armor: Skin              |    17 |    24 ||    41
Dodge: Dodged            |    83 |    63 ||   146

Table legend:
 A = Non-vault XP
 B = Vault XP
 C = Vault XP percentage of total XP
 D = Non-vault monster count
 E = Vault monster count
 F = Vault count percentage of total count
                 A         B        C        D         E       F
            +---------+---------+-------+---------+---------+-------
      Total |     366 |      39 |   9.6 |      97 |       1 |   1.0
            +---------+---------+-------+---------+---------+-------
        D:1 |      51 |       0 |   0.0 |      30 |       0 |   0.0
        D:2 |      62 |       0 |   0.0 |      31 |       0 |   0.0
        D:3 |     116 |      39 |  25.2 |      29 |       1 |   3.3
        D:4 |     137 |       0 |   0.0 |       7 |       0 |   0.0
            +---------+---------+-------+---------+---------+-------
